 Dungeon Crawl Stone Soup version 0.29.1-13-g9f3cf754e1 (webtiles) character file.

Game seed: 13886861861724914805

168 protoss039 the Digger (level 5, 0/57 HPs)
             Began as a Demonspawn Earth Elementalist on Feb 11, 2023.
             Was an Initiate of Vehumet.
             Slain by a sickly merfolk siren
             ... wielding a +0 spear
              (2 damage)
             ... in a sewer.
             The game lasted 00:08:07 (4212 turns).

protoss039 the Digger (DsEE)                        Turns: 4212, Time: 00:08:08

Health: 0/57       AC: 22    Str:  9    XL:     5   Next: 23%
Magic:  8/9        EV:  2    Int: 18    God:    Vehumet [......]
Gold:   171        SH:  3    Dex: 13    Spells: 3/9 levels left

rFire   . . .      SeeInvis .   p - +4 short sword
rCold   . . .      Faith    .   q - +0 buckler
rNeg    . . .      Spirit   .   (body armour currently unavailable)
rPois   +          Reflect  .   (helmet currently unavailable)
rElec   .          Harm     .   (cloak currently unavailable)
rCorr   .          Rampage  .   (gloves currently unavailable)
Will    +....      NoTele   +   (boots currently unavailable)
Stlth   ++........              (no amulet)
HPRegen 0.19/turn               u - ring of willpower
MPRegen 0.22/turn               (no ring)

@: tree-form
A: stationary, stasis, torment immunity, boosted hp, (spiny 2), magic
regeneration
a: Renounce Religion


You were in a sewer.
You worshipped Vehumet.
Vehumet was noncommittal.
You were a tree.
You visited 1 branch of the dungeon, and saw 4 of its levels.
You also visited: Sewer.

You collected 171 gold pieces.

Inventory:

Hand Weapons
 p - a +4 short sword (weapon)
 s - a +0 mace of draining
Armour
 o - a +0 leather armour (melded)
 q - a +0 buckler (worn)
Jewellery
 u - a ring of willpower (left branch)
Scrolls
 a - 3 scrolls of poison {unknown}
 c - a scroll of vulnerability {unknown}
 d - a scroll of enchant weapon {unknown}
 g - a scroll of magic mapping {unknown}
 i - a scroll of fog {unknown}
 k - 3 scrolls of identify {unknown}
 t - 2 scrolls of blinking {unknown}
Potions
 b - 3 potions of magic
 e - a potion of heal wounds {unknown}
 f - a potion of might {unknown}
 h - 3 potions of lignification
 j - a potion of curing {unknown}
 l - a potion of attraction {unknown}
 m - a potion of degeneration {unknown}
 n - a potion of invisibility {unknown}
 r - a potion of berserk rage {unknown}


   Skills:
 + Level 2.0 Fighting
 + Level 0.6 Armour
 * Level 2.3 Dodging
 * Level 2.5 Stealth
 + Level 0.3 Shields
 + Level 2.9 Spellcasting
 + Level 0.6 Conjurations
 - Level 1.0 Transmutations
 + Level 3.4 Earth Magic


You had 3 spell levels left.
You knew the following spells:

 Your Spells              Type           Power      Damage    Failure   Level
a - Sandblast             Erth           28%        2d8       5%          1
b - Passwall              Tmut/Erth      8%         N/A       14%         2
c - Stone Arrow           Conj/Erth      18%        3d8       28%         3

Your spell library contained the following spells:

 Spells                   Type           Power      Damage    Failure   Level
 Petrify                  Tmut/Erth      10%        N/A       65%         4


Dungeon Overview and Level Annotations

Branches:
Dungeon (4/15) Zot: 19877   Sewer (1/1) Zot: 5841
 Temple: D:4-7

Altars:
Ashenzari
Qazlal
Vehumet
Wu Jian

Annotations:
D:4 Dowan, Edmund


Innate Abilities, Weirdness & Mutations

You are a tree.
Your roots penetrate the ground, keeping you stationary.
You cannot be teleported.
You are immune to unholy pain and torment.
Your maximum health is greatly increased.
Your equipment is partially melded.
((You are mostly covered in sharp spines.))
You regenerate magic rapidly.


Message History

A sickly merfolk siren and 2 frilled lizards come into view.
Found 9 gold pieces.
The sickly merfolk siren shouts!
The sickly merfolk siren chants a haunting song.
You resist with almost no effort.
A ball python comes into view.
The frilled lizard hisses angrily.
The sickly merfolk siren chants a haunting song.
You resist with almost no effort.
You see here a river rat corpse.
The sickly merfolk siren is struck by your spines.
The sickly merfolk siren closely misses you.
Casting: Passwall (safe; 19% risk of failure)
Confirm with . or Enter, or press ? or * to list all spells.
Aiming: Sandblast (safe; 8% risk of failure)
Press: ? - help, Shift-Dir - straight line, f - sickly merfolk siren
Aim: a sickly merfolk siren, wielding a +0 spear (heavily wounded, 77% to hit)
The blast of sand hits the sickly merfolk siren.
The sickly merfolk siren is almost dead.
The sickly merfolk siren hits you with a +0 spear!!
Ouch! That really hurt!
The sickly merfolk siren is struck by your spines.
The sickly merfolk siren hits you with a +0 spear!
* * * LOW HITPOINT WARNING * * *
Casting: Sandblast (safe; 8% risk of failure)
Confirm with . or Enter, or press ? or * to list all spells.
Aiming: Sandblast (safe; 8% risk of failure)
Press: ? - help, Shift-Dir - straight line, f/p - sickly merfolk siren
Aim: a sickly merfolk siren, wielding a +0 spear (almost dead, 77% to hit)
The blast of sand hits the sickly merfolk siren but does no damage.
The sickly merfolk siren is almost dead.
The sickly merfolk siren chants a haunting song.
You resist with almost no effort.
Unknown command.
Really quaff the potion of lignification?
You turn into a tree.
Your +0 leather armour melds into your body.
Your roots penetrate the ground.
The sickly merfolk siren hits you with a +0 spear.
You die...

##.~## ######.~~~###
....††~~~~∩∩#
#############
~≈≈≈≈≈≈≈~≈##########
..~..~~~~~~~~~~~~≈≈# $
#..#############~~≈###
.. #### #†#≈≈≈###~###
#♣##~~~~~l≈≈≈
#.ml....~~~≈~
#######...~S~ ...~~
#... ##


You could see a sickly merfolk siren and a frilled lizard.

Vanquished Creatures
  A hound (D:3)
  An orc wizard (D:3)
  2 adders
  2 river rats
  A worm (D:4)
  A dart slug (D:2)
  3 orcs (D:3)
  5 ball pythons
  3 endoplasms (D:2)
  6 giant cockroaches
  7 hobgoblins
  2 jackals (D:1)
  6 kobolds
  4 quokkas
  8 bats
  2 frilled lizards (D:1)
  A goblin (D:2)
  14 rats
69 creatures vanquished.

Vanquished Creatures (others)
  16 plants (D:1)
16 creatures vanquished.

Grand Total: 85 creatures vanquished

Notes
Turn   | Place    | Note
-------+----------+-------------------------------------------
     0 | D:1      | protoss039 the Demonspawn Earth Elementalist began the
                  | quest for the Orb.
     0 | D:1      | Reached XP level 1. HP: 13/13 MP: 3/3
   186 | D:1      | Found a faded altar of an unknown god.
   682 | D:1      | Gained mutation: You regenerate magic rapidly. [demonic
                  | ancestry]
   682 | D:1      | Reached XP level 2. HP: 11/20 MP: 0/5
   983 | D:1      | Reached skill level 1 in Fighting
  1250 | D:1      | Learned a level 2 spell: Passwall
  1260 | D:2      | Reached skill level 3 in Earth Magic
  1473 | D:2      | Found an ornate altar of the Wu Jian Council.
  1982 | D:2      | Reached XP level 3. HP: 22/26 MP: 6/6
  2746 | D:2      | Learned a level 3 spell: Stone Arrow
  2775 | D:3      | Reached skill level 1 in Transmutations
  2853 | D:3      | Gained mutation: You are partially covered in sharp spines.
                  | [demonic ancestry]
  2853 | D:3      | Reached XP level 4. HP: 9/33 MP: 5/8
  3628 | D:4      | Found a radiant altar of Vehumet.
  3636 | D:4      | Became a worshipper of Vehumet
  3640 | D:4      | Found a stormy altar of Qazlal.
  3662 | D:4      | Found a broken altar of Ashenzari.
  3849 | D:4      | Noticed Dowan
  3996 | D:4      | Noticed Edmund
  4058 | D:4      | Found a glowing drain.
  4060 | D:4      | Gained mutation: You are mostly covered in sharp spines.
                  | [demonic ancestry]
  4060 | D:4      | Reached XP level 5. HP: 36/38 MP: 9/9
  4070 | Sewer    | Entered a sewer
  4210 | Sewer    | HP: 1/38 [sickly merfolk siren/+0 spear (11)]
  4212 | Sewer    | Slain by a sickly merfolk siren

Illustrated notes

Levels and vault maps discovered:
D:1:      mrwooster_arrival_statue_2, layout_basic, serial_bayou,
          serial_bayou_pond_d, serial_bayou_crossing, serial_bayou_lagoon_a,
          serial_bayou_pond_e, shapermc_ecumenical_altar_petra
D:2:      minmay_door_path, layout_basic, basic_altar, hangedman_glass_garden,
          serial_bayou_pond_a, moated_statue
D:3:      layout_loops_ring, pf_just_have_faith
D:4:      layout_loops_ring, cheibrodos_ashenzari_chains,
          overflow_temple_1_default, nicolae_qazlal_scattered_showers,
          minmay_temple_entry_enclosed_plants, portal_sewer_entry_e,
          uniq_edmund, uniq_duvessa
Sewer:    sewer_sea

Skill      XL: |  1  2  3  4  5 |
---------------+----------------+-----
Fighting       | 1 2 |  2.0
Earth Magic    | 3 |  3.4
Transmutations | 1 |  1.0
Dodging        | 2 |  2.3
Stealth        | 2 |  2.5
Armour         | |  0.6
Shields        | |  0.3
Spellcasting   | |  2.9
Conjurations   | |  0.6

Action                   |  1- 3 |  4- 6 || total
-------------------------+-------+-------++-------
Melee: Unarmed           |    13 |       ||    13
       Short sword       |    85 |    39 ||   124
       Punch             |       |     1 ||     1
 Cast: Sandblast         |    30 |    13 ||    43
       Passwall          |       |     1 ||     1
  Use: Potion            |       |     2 ||     2
 Stab: Sleeping          |     4 |     3 ||     7
Armor: Robe              |    16 |       ||    16
       Leather armour    |     6 |     7 ||    13
       Skin              |       |     9 ||     9
Dodge: Dodged            |   101 |    16 ||   117
Block: Buckler           |       |     6 ||     6
